 Dungeon Crawl Stone Soup version 0.30.1-11-g7821555f0a (webtiles) character file.

Game seed: 5274606545276349648

1 ChrisAssaf the Firebug (level 1, 13/13 HPs)
             Began as a Human Fire Elementalist on Dec 18, 2023.
             Was a Follower of Dithmenos.
             Quit the game on level 1 of the Dungeon.
             The game lasted 00:00:37 (213 turns).

ChrisAssaf the Firebug (Human Fire Elementalist)     Turns: 213, Time: 00:00:37

Health: 13/13      AC:  2    Str:  8    XL:     1   Next: 22%
Magic:  3/3        EV: 12    Int: 15    God:    Dithmenos [*.....]
Gold:   24         SH:  5    Dex: 13    Spells: 3/4 levels left

rFire   . . .        (no weapon)
rCold   . . .        (no shield)
rNeg    . . .        a - +0 robe
rPois   .            (no helmet)
rElec   .            (no cloak)
rCorr   .            (no gloves)
SInv    .            (no boots)
Will    .....        c - amulet of reflection
Stlth   ++           (no ring)
HPRegen 0.22/turn    (no ring)
MPRegen 0.08/turn

%: reflection
@: wreathed by umbra
A: no striking features
a: Renounce Religion


You were on level 1 of the Dungeon.
You worshipped Dithmenos.
Dithmenos was aware of your devotion.
You visited 1 branch of the dungeon, and saw 1 of its levels.

You collected 24 gold pieces.

Inventory:

Armour
 a - a +0 robe (worn)
Jewellery
 c - an amulet of reflection (around neck)
Scrolls
 d - a scroll of identify {unknown}
Potions
 b - a potion of magic
 e - a potion of curing {unknown}


   Skills:
 * Level 2.0 Dodging
 * Level 2.0 Stealth
 * Level 2.0 Spellcasting
 * Level 1.0 Conjurations
 * Level 3.0 Fire Magic


You had 3 spell levels left.
You knew the following spells:

 Your Spells              Type           Power      Damage    Failure   Level
a - Foxfire               Conj/Fire      28%        2x1d5     10%         1

Your spell library contained the following spells:

 Spells                   Type           Power      Damage    Failure   Level
 Scorch                   Fire           20%        2d6       10%         2
 Inner Flame              Hex/Fire       6%         N/A       34%         3
 Volatile Blastmotes      Fire/Tloc      12%        2d11      34%         3
 Flame Wave               Conj/Fire      7%         2d5       67%         4


Dungeon Overview and Level Annotations

Branches:
Dungeon (1/15)

Altars:
Dithmenos


Message History

Found three items.
Found a faded altar of an unknown god.
Found 8 gold pieces.
Casting: Foxfire (safe; 10% risk of failure)
Press: ? - help, Q - select action Dir - look around, f - activate You conjure some foxfire!
Your foxfire dissipates!
The quokka attacks as you move away! The quokka misses you.
The foxfire hits the quokka but does no damage.
The quokka completely misses you.
Casting: Foxfire (safe; 10% risk of failure)
Press: ? - help, Q - select action Dir - look around, f - activate You conjure some foxfire!
The quokka barely misses you.
Your foxfire dissipates!
The foxfire hits the quokka.
The quokka is moderately wounded.
The quokka bites you.
Casting: Foxfire (safe; 10% risk of failure)
Press: ? - help, Q - select action Dir - look around, f - activate You conjure some foxfire!
The quokka bites you.
The foxfire hits the quokka but does no damage.
The quokka is lightly wounded.
The foxfire hits the quokka.
You kill the quokka!
You start resting.
HP restored.
d - a scroll labelled URIAGO YPEMNAGA
e - a sedimented orange potion You now have 16 gold pieces (gained 4).
f - a scroll labelled UDGHOIZ FAGRELE You now have 24 gold pieces (gained 8).
As you read the scroll labelled UDGHOIZ FAGRELE, it crumbles to dust.
You feel aware of your surroundings.
It was a scroll of magic mapping.
There is a faded altar of an unknown god here.
This altar belongs to (a) Yredelemnul, (b) Dithmenos or (c) Gozag, but you can't tell which.
Press the corresponding letter to learn more about a god, or press enter to convert or escape to cancel.
Dithmenos accepts your prayer! Dithmenos welcomes you!
You are shrouded in an aura of darkness!
Are you sure you want to abandon this character and quit the game? (Confirm with "yes".)

.....# #..#.#,,,,,,,,,,,,,,*
.....* #..#,+,,,,,,,,,,,,,,*
(.#+#* #..#**,,,,,,,,,,,,,,*
.#*,*###..# **#+#***********
,,,,*#....#####.#
***,*#..........# *******
###**#.##.##.##.## *,,,,,, ..#
#>*#.#...#..# *,***,* ..#
##*#..._...@# *,*>*,*
..#######.#...#..# *,*,,,*
.......†..##.##..#*********,*,***
................+..,,,,,,,*,*,*,,
................####*****,*,*,*,*
................# *,*,*,*,*
................# *,*,*,*,*
########........# *,*,*,*,*
#........#** *,*,*,*,*


There were no monsters in sight!

Vanquished Creatures
  A quokka (D:1)
1 creature vanquished.

Vanquished Creatures (others)
  4 foxfires (D:1)
4 creatures vanquished.

Grand Total: 5 creatures vanquished

Notes
Turn   | Place    | Note
-------+----------+-------------------------------------------
     0 | D:1      | ChrisAssaf the Human Fire Elementalist began the quest for
                  | the Orb.
     0 | D:1      | Reached XP level 1. HP: 13/13 MP: 3/3
   123 | D:1      | Found a faded altar of an unknown god.
   208 | D:1      | Prayed at the altar of an unknown god.
   208 | D:1      | Became a worshipper of Dithmenos the Shadowed
   208 | D:1      | Reached * piety under Dithmenos
   213 | D:1      | Quit the game

Illustrated notes

Levels and vault maps discovered:
D:1:      sevenhm_arrival_forest_fort_small_3, layout_basic,
          ebering_ecumenical_altar_box, minmay_misc_feat_five, nrook_campfire

Action                     || total
---------------------------++-------
   Cast: Foxfire           ||     3
    Use: Scroll            ||     1
  Dodge: Dodged            ||     3
